 Dungeon Crawl Stone Soup version 0.25-a0-547-g27a0b5d1ef (webtiles) character file.

Game seed: 10937441501665748986, levelgen mode: deterministic

35 vurker the Gusty (level 3, 15/15 HPs)
             Began as a Felid Air Elementalist on Feb 21, 2020.
             Quit the game on level 2 of the Dungeon.
             The game lasted 00:02:10 (1710 turns).

vurker the Gusty (Felid Air Elementalist)           Turns: 1710, Time: 00:02:11

Health: 15/15      AC:  1    Str:  4    XL:     3   Next: 17%
Magic:  8/8        EV: 18    Int: 17    God:
Gold:   49         SH:  0    Dex: 16    Spells: 6/7 levels left
                                        Lives:  0   Deaths: 1

rFire    . . .     SeeInvis +   (weapon unavailable)
rCold    . . .     Gourm    .   (shield unavailable)
rNeg     . . .     Faith    .   (armour unavailable)
rPois    .         Spirit   .   (helmet unavailable)
rElec    .         Reflect  .   (cloak unavailable)
rCorr    .         Harm     .   (gloves unavailable)
MR       .....                  (boots unavailable)
Stlth    +++.......             (no amulet)
HPRegen  0.05/turn              (no ring)
MPRegen  0.11/turn              (no ring)

@: quick
A: very small, no armour, no weapons or thrown items, stealth, claws 1, fangs 3,
see invisible, carnivore, speed 1, shaggy fur 1, slow metabolism 1, sharp paws
a: no special abilities


You were on level 2 of the Dungeon.
You were very full.

You visited 1 branch of the dungeon, and saw 2 of its levels.

You collected 49 gold pieces.

Inventory:

Jewellery
 h - an uncursed ring of wizardry {unknown}
   (You found it on level 2 of the Dungeon)
Scrolls
 g - a scroll of remove curse
Comestibles
 e - 3 rations


   Skills:
 + Level 1.2 Fighting
 - Level 2.6 Dodging
 - Level 2.6 Stealth
 * Level 2.8 Spellcasting
 + Level 1.6 Conjurations
 * Level 3.4 Air Magic


You had 6 spell levels left.
You knew the following spells:

 Your Spells              Type           Power        Failure   Level  Hunger
a - Shock                 Conj/Air       ##..         6%          1    #......

Your spell library contained the following spells:

 Spells                   Type           Power        Failure   Level  Hunger
 Swiftness                Chrm/Air       #.......     13%         2    ##.....
 Static Discharge         Conj/Air       ##......     19%         3    ###....
 Airstrike                Air            ##........   38%         4    #####..
 Lightning Bolt           Conj/Air       ##........   86%         5    ######.


Dungeon Overview and Level Annotations

Branches:
Dungeon (2/15)

Altars:

Annotations:
D:2 Robin


Innate Abilities, Weirdness & Mutations

You cannot wear armour.
You are incapable of wielding weapons or throwing items.
Your paws allow you to move quietly. (Stealth)
You have sharp claws.
You have razor-sharp teeth.
You have supernaturally acute eyesight. (SInv)
You are carnivorous and can eat meat at any time.
You cover ground quickly.
You are covered in fur. (AC +1)
You have a slow metabolism.
Your sharp claws are effective at attacking unaware monsters.


Message History

Aim: Robin, wielding a +0 mace, wearing a +2 animal skin, wearing a +0 helmet and carrying a wand of polymorph (10) (lightly wounded)
The zap hits Robin.
The zap misses the goblin.
The goblin shouts!
You hear a shout! x2
Aim: Robin, wielding a +0 mace, wearing a +2 animal skin, wearing a +0 helmet and carrying a wand of polymorph (10) (moderately wounded)
The zap hits Robin but does no damage.
The zap hits the goblin.
Robin throws the goblin at you! The goblin closely misses you.
Aim: Robin, wielding a +0 mace, wearing a +2 animal skin, wearing a +0 helmet and carrying a wand of polymorph (10) (moderately wounded)
The zap hits Robin.
A hobgoblin comes into view. It is wielding a +0 club.
Aim: Robin, wielding a +0 mace, wearing a +2 animal skin, wearing a +0 helmet and carrying a wand of polymorph (10) (heavily wounded)
The zap hits Robin but does no damage.
The zap hits the hobgoblin.
The hobgoblin shouts!
You hear a shout! x4
The goblin closely misses you.
Robin roars a battlecry!
The goblins go into a battle-frenzy!
Aim: Robin, wielding a +0 mace, wearing a +2 animal skin, wearing a +0 helmet and carrying a wand of polymorph (10) (heavily wounded)
The zap hits Robin.
The zap hits the hobgoblin.
The goblin misses you.
Unknown command.
You don't have enough magic to cast that spell.
You aren't carrying any items that you can evoke.
Unknown command.
It was a potion of degeneration.
There was something very wrong with that liquid.
You feel weakened.
You feel dopey.
You feel clumsy. The goblin hits you with a +0 club!
It was a potion of curing.
You feel better. The goblin barely misses you.
It was a potion of stabbing.
You feel ready to backstab. Robin hits you but does no damage.
The goblin hits you with a +0 club.
It was a potion of haste.
You feel yourself speed up. The goblin barely misses you.
Robin hits you with a +0 mace!
* * * LOW HITPOINT WARNING * * *
You barely miss Robin. Your bite misses Robin. You scratch Robin.
The goblin completely misses you. Robin misses you.
A goblin comes into view. It is wielding a +0 dagger.
You scratch Robin but do no damage. The goblin barely misses you.
You scratch Robin but do no damage. Robin misses you.
You barely miss Robin. The goblin hits you with a +0 club.
You die...
You are now level 3!
You rejoin the land of the living...
Eating one of 4 chunks of flesh.
You eat one of the 4 chunks of flesh.
This raw flesh tastes great.
Eating one of 3 chunks of flesh.
You eat one of the 3 chunks of flesh.
This raw flesh tastes great.
Eating one of 2 chunks of flesh.
You eat one of the 2 chunks of flesh.
This raw flesh tastes great.
Eating a chunk of flesh.
You eat the chunk of flesh.
This raw flesh tastes great.
Found 16 gold pieces.

#.# ##.#.
#$ #.# #.#.
#. #.# #.
#.######.
#.
###........
#.
#..........
#.
#.#########
#.#####.#
#.@.....#
#########


There were no monsters in sight!

Vanquished Creatures
  Jessica (D:2)
  2 oozes (D:1)
  3 dart slugs (D:1)
  2 giant cockroaches
  8 goblins
  7 hobgoblins
  5 jackals
  A kobold (D:1)
  A ball python (D:2)
  2 frilled lizards (D:1)
  3 rats
35 creatures vanquished.

Notes
Turn   | Place    | Note
-------+----------+-------------------------------------------
     0 | D:1      | vurker the Felid Air Elementalist began the quest for the
                  | Orb.
     0 | D:1      | Reached XP level 1. HP: 7/7 MP: 4/4
    70 | D:1      | Reached skill level 1 in Conjurations
   239 | D:1      | Reached XP level 2. HP: 2/12 MP: 0/6
   567 | D:1      | Reached skill level 3 in Air Magic
   884 | D:1      | Reached XP level 3. HP: 15/15 MP: 4/7
  1179 | D:1      | Reached skill level 1 in Fighting
  1588 | D:2      | Noticed Jessica
  1594 | D:2      | Killed Jessica
  1594 | D:2      | Reached XP level 4. HP: 14/19 MP: 3/9
  1682 | D:2      | Noticed Robin
  1697 | D:2      | Slain by a goblin
  1698 | D:2      | Reached XP level 3. HP: 0/15 MP: 1/8
  1710 | D:2      | Quit the game

Levels and vault maps discovered:
D:1:      heliophobic_arrival_enchanted_forest, layout_basic
D:2:      layout_loops_ring, uniq_robin, uniq_natasha, uniq_jessica

Skill      XL: |  1  2  3 |
---------------+----------+-----
Conjurations   | 1 |  1.6
Air Magic      | 3 |  3.4
Fighting       | 1 |  1.2
Dodging        | |  2.6
Stealth        | |  2.6
Spellcasting   | |  2.8

Action                   |  1- 3 |  4- 6 || total
-------------------------+-------+-------++-------
Melee: Unarmed           |    36 |     5 ||    41
       Bite              |     4 |       ||     4
 Cast: Shock             |    70 |    11 ||    81
  Use: Scroll            |     2 |       ||     2
       Potion            |       |     4 ||     4
  Eat: Chunk             |    13 |     1 ||    14
Armor: Skin              |     2 |     1 ||     3
Dodge: Dodged            |    39 |     9 ||    48

Table legend:
 A = Non-vault XP
 B = Vault XP
 C = Vault XP percentage of total XP
 D = Non-vault monster count
 E = Vault monster count
 F = Vault count percentage of total count
                 A         B        C        D         E       F
            +---------+---------+-------+---------+---------+-------
      Total |      72 |      43 |  37.4 |      31 |       4 |  11.4
            +---------+---------+-------+---------+---------+-------
        D:1 |      62 |       0 |   0.0 |      25 |       0 |   0.0
        D:2 |      10 |      43 |  81.1 |       6 |       4 |  40.0
            +---------+---------+-------+---------+---------+-------
